 Dungeon Crawl Stone Soup version 0.32-a0-768-g0f6f1dd4b9 (webtiles) character file.

Game seed: 17881656274574801733

79 PriceMaster the Grave Robber (level 4, -1/32 HPs)
             Began as a Demonspawn Necromancer on Mar 18, 2024.
             Slain by a goblin
             ... wielding a +0 club
             ... led by Robin
              (3 damage)
             ... on level 4 of the Dungeon.
             The game lasted 00:05:26 (3185 turns).

PriceMaster the Grave Robber (DsNe)                 Turns: 3185, Time: 00:05:27

Health: -1/32      AC:  5    Str:  8    XL:     4   Next: 17%
Magic:  1/7        EV: 11    Int: 17    God:
Gold:   40         SH:  0    Dex: 14    Spells: 0/8 levels left

rFire   . . .        c - +1 dagger
rCold   . . .        (no shield)
rNeg    . . .        a - +0 robe
rPois   .            (no helmet)
rElec   .            n - +0 cloak
rCorr   .            (no gloves)
SInv    .            (no boots)
Will    .....        (no amulet)
Stlth   ++           (no ring)
HPRegen 0.25/turn    (no ring)
MPRegen 0.10/turn

%: no passive effects
@: no status effects
A: molten scales 1
a: no special abilities


You were on level 4 of the Dungeon.
You visited 1 branch of the dungeon, and saw 4 of its levels.

You collected 40 gold pieces.

Inventory:

Hand Weapons
 c - a +1 dagger (weapon)
 m - a +0 eveningstar
Armour
 a - a +0 robe (worn)
 n - a +0 cloak (worn)
Jewellery
 j - an amulet of faith
Scrolls
 e - 3 scrolls of identify
Potions
 g - 3 potions of lignification {unknown}
 l - 2 potions of might {unknown}


   Skills:
 * Level 1.4 Fighting
 + Level 0.5 Short Blades
 + Level 2.1 Dodging
 * Level 2.2 Stealth
 + Level 2.5 Spellcasting
 + Level 5.0 Necromancy


You couldn't memorise any spells.
You knew the following spells:

 Your Spells              Type           Power      Damage    Failure   Level
a - Necrotise             Necr           76%        1d7       2%          1
b - Vampiric Draining     Necr           19%        2d7       7%          3
c - Animate Dead          Necr           19%        N/A       22%         4

Your spell library contained the following spells:

 Spells                   Type           Power      Damage    Failure   Level
 Apportation              Tloc           4%         N/A       19%         1
 Sting                    Conj/Alch      8%         1d3       19%         1
 Summon Small Mammal      Summ           8%         N/A       19%         1
 Dazzling Flash           Conj/Hex       4%         N/A       50%         3
 Curse of Agony           Necr           19%        N/A       54%         5
 Starburst                Conj/Fire      1%         6d3       100%        6
 Maxwell's Capacitive Co  Air            1%         ∞         100%        8
 Chain Lightning          Conj/Air       1%         3d1       100%        9
 Fire Storm               Conj/Fire      1%         7d1       100%        9
 Shatter                  Erth           1%         3d5*      100%        9


Dungeon Overview and Level Annotations

Branches:
Dungeon (4/15)
 Temple: D:4-7

Altars:

Annotations:
D:4 Robin


Innate Abilities, Weirdness & Mutations

You are partially covered in molten scales. (AC +2)


Message History

Aim: a hound (severely wounded, chance to affect: 84%)
The hound writhes in agony.
The goblin no longer looks unusually strong.
The hound closely misses you.
Robin roars a battlecry!
The goblin goes into a battle-frenzy!
The goblin hits you with a +0 dagger. The hobgoblin hits your butterfly.
Your butterfly dies!
Your butterfly disappears in a burst of colours!
The hound misses you.
Casting: Necrotise (safe; 2% risk of failure)
Confirm with . or Enter, or press ? or * to list all spells.
You don't have enough magic to cast this spell.
You barely miss the hound.
The hound is almost dead.
The hound bites you.
* * * LOW HITPOINT WARNING * * *
The goblin completely misses you.
You hit the hound but do no damage.
The hound is almost dead.
The hound bites you but does no damage. Robin throws the goblin at you!
* * * LOW HITPOINT WARNING * * *
The goblin hits you with a +2 dagger of speed.
* * * LOW HITPOINT WARNING * * *
The goblin hits you with a +0 dagger.
* * * LOW HITPOINT WARNING * * *
You feel better.
The hobgoblin shouts!
The hound closely misses you.
The goblin hits you with a +2 dagger of speed.
* * * LOW HITPOINT WARNING * * *
The goblin hits you with a +0 club.
* * * LOW HITPOINT WARNING * * *
The hound barely misses you. The goblin closely misses you.
The goblin hits you with a +2 dagger of speed.
* * * LOW HITPOINT WARNING * * *
You hit the hound.
You kill the hound!
The goblin hits you with a +0 club.
You die...

#....gg<).#
##..bb..[..####. # ##
....bbg.g.b..... #. #.
.#.##..hb....... #..#.
## ##..b...b... ###..#.
#h.......## #......
####...b.bbb.#
#.....g###.#...b....b.#
#....g@ggggg.##?......#
##...g.###..######...##
###..## #### #.## #.#
##


You could see Robin, 3 hobgoblins and 4 goblins.

Vanquished Creatures
  A hound (D:4)
  2 adders
  A ribbon worm (D:2)
  5 orcs
  3 bats
  5 endoplasms
  2 giant cockroaches
  5 hobgoblins
  3 jackals (D:1)
  3 kobolds
  2 quokkas
  3 ball pythons (D:1)
  3 frilled lizards
  7 goblins
  2 rats (D:1)
47 creatures vanquished.

Vanquished Creatures (collateral kills)
  An orc (D:4)
1 creature vanquished.

Grand Total: 48 creatures vanquished

Notes
Turn   | Place    | Note
-------+----------+-------------------------------------------
     0 | D:1      | PriceMaster the Demonspawn Necromancer began the quest for
                  | the Orb.
     0 | D:1      | Reached XP level 1. HP: 13/13 MP: 3/3
   176 | D:1      | Gained mutation: You are partially covered in molten
                  | scales. (AC +2) [demonic ancestry]
   176 | D:1      | Reached XP level 2. HP: 20/20 MP: 1/5
   735 | D:1      | Reached skill level 1 in Fighting
  1021 | D:2      | Reached XP level 3. HP: 26/26 MP: 4/6
  1025 | D:2      | Learned a level 3 spell: Vampiric Draining
  2736 | D:3      | Reached skill level 5 in Necromancy
  2777 | D:4      | Reached XP level 4. HP: 25/32 MP: 3/7
  3121 | D:4      | Learned a level 4 spell: Animate Dead
  3121 | D:4      | Noticed a black bear
  3148 | D:4      | Noticed Robin
  3185 | D:4      | Slain by a goblin

Illustrated notes

Levels and vault maps discovered:
D:1:      giann_bridges, layout_basic, dreamdust_mushroom_princess,
          minmay_3d_cube
D:2:      layout_rooms
D:3:      layout_loops_corners, serial_forest, infiniplex_forest_straight_5,
          infiniplex_forest_clump_curved, infiniplex_forest_end_1,
          infiniplex_forest_side_room, infiniplex_forest_clump_double,
          infiniplex_forest_lined_ring, infiniplex_forest_lined_ring
D:4:      minmay_general_purpose_star, layout_cave_pools,
          mainiacjoe_overflow_catch_the_wave, kennysheep_mini, uniq_robin

Skill      XL: |  1  2  3 |
---------------+----------+-----
Dodging        | 2 |  2.1
Fighting       | 1 |  1.4
Stealth        | 2 |  2.2
Necromancy     | 5 |  5.0
Short Blades   | |  0.5
Spellcasting   | |  2.5

Action                     |  1- 3 |  4- 6 || total
---------------------------+-------+-------++-------
  Melee: Unarmed           |     7 |       ||     7
         Dagger            |    42 |    27 ||    69
   Cast: Necrotise         |    65 |    13 ||    78
         Vampiric Draining |       |     2 ||     2
    Use: Potion            |     2 |     5 ||     7
         Scroll            |     1 |     5 ||     6
   Stab: Sleeping          |     4 |       ||     4
 Armour: Robe              |    42 |    80 ||   122
  Dodge: Dodged            |    52 |    42 ||    94

Table legend: (Time is in decaauts)
 A = Elapsed time spent in this place.
 B = Non-inter-level travel time spent in this place.
 C = Inter-level travel time spent in this place.
 D = Time resting spent in this place.
 E = Time spent auto-exploring this place.
 F = Levels seen in this place.
 G = Mean time per level.
                   A        B        C        D        E       F      G
               +--------+--------+--------+--------+--------+-----+--------+
         Total |   3184 |   3098 |     86 |    339 |   2368 |   4 |  796.0 |
       Dungeon |   3184 |   3098 |     86 |    339 |   2368 |   4 |  796.0 |
               +--------+--------+--------+--------+--------+-----+--------+

Top non-repeatable levels by time:
     D:3: 1146 daAuts
     D:1: 1012 daAuts
     D:2: 608 daAuts
     D:4: 416 daAuts
